 Dungeon Crawl Stone Soup version 0.17.0-18-gaab0e96 (webtiles) character file.

65498 kobo the Bludgeoner (level 14, -2/133 HPs)
             Began as a Minotaur Berserker on Nov 11, 2015.
             Was the Champion of Trog.
             Slain by a dire flail of protection (25 damage)
             ... on level 2 of the Elven Halls.
             The game lasted 02:48:20 (32136 turns).

kobo the Bludgeoner (Minotaur Berserker)           Turns: 32136, Time: 02:48:22

Health: -2/133     AC: 30    Str: 34    XL:     14   Next: 75%
Magic:  13/13      EV: 10    Int:  7    God:    Trog [******]
Gold:   1706       SH: 14    Dex:  9    Spells: 0 memorised, 13 levels left

rFire  + + .     SeeInvis .     z - +5 flail (protect)
rCold  . . .     Clarity  .     l - +2 scale mail {rF+}
rNeg   . . .     SustAt   .     y - +0 shield
rPois  +         Gourm    .     (helmet restricted)
rElec  .         Spirit   .     v - +2 cloak {rPois}
rCorr  .         Warding  .     P - +2 pair of gloves of Laetrad {rF+ Str+2 Int+3 Stlth+}
rMut   .         Stasis   .     (no boots)
MR     +....                    (no amulet)
Stlth  +.........               G - +4 ring of strength
                                u - +6 ring of protection

@: drained, somewhat resistant to hostile enchantments, very unstealthy
A: retaliatory headbutt, horns 2
a: Berserk, Trog's Hand, Brothers in Arms, Burn Spellbooks, Renounce Religion


You were on level 2 of the Elven Halls.
You worshipped Trog.
Trog was exalted by your worship.
You were not hungry.

You visited 5 branches of the dungeon, and saw 28 of its levels.
You also visited: Labyrinth.

You collected 2954 gold pieces.
You spent 1248 gold pieces at shops.

Inventory:

Hand Weapons
 k - a +4 mace of protection
 m - the +5 mace of the Chain {freeze, Str+3}
   (Trog gifted it to you on level 7 of the Lair of Beasts)

   It has been specially enchanted to freeze those struck by it, causing extra
   injury to most foes and up to half again as much damage against particularly
   susceptible opponents.
   It can also slow down cold-blooded creatures.
   It affects your strength (+3).
 z - a +5 flail of protection (weapon)
 A - a +2 antimagic lajatang
 W - the +7 quarterstaff "Wiwy" {vamp, Str+4 Dex+6}
   (You found it in a labyrinth)

   It inflicts no extra harm, but heals its wielder somewhat when it strikes a
   living foe.
   It affects your strength (+4).
   It affects your dexterity (+6).
Missiles
 D - 9 tomahawks of returning (quivered)
 H - 6 javelins of penetration
Armour
 l - a +2 scale mail of fire resistance (worn)
 v - a +2 cloak of poison resistance (worn)
 y - a +0 shield (worn)
 P - the +2 pair of gloves of Laetrad (worn) {rF+ Str+2 Int+3 Stlth+}
   (You found it on level 7 of the Dungeon)

   It affects your strength (+2).
   It affects your intelligence (+3).
   It protects you from fire.
   It makes you more stealthy.
Rods
 a - a cursed +4 rod of ignition (11/11)
   (You took it off a minotaur in a labyrinth)
Jewellery
 h - an uncursed ring of flight
 i - an uncursed ring of protection from fire
 u - a +6 ring of protection (left hand)
 x - an uncursed amulet of guardian spirit
 G - a +4 ring of strength (right hand)
 N - an uncursed ring of see invisible
 Q - an uncursed ring of protection from magic
 T - a +2 ring of protection
Wands
 d - a wand of teleportation (4)
 s - a wand of digging (7)
 L - a wand of fire (6)
 O - a wand of disintegration (8)
Scrolls
 o - 5 scrolls of teleportation
 r - 8 scrolls of identify
 w - 3 scrolls of recharging
 E - a scroll of magic mapping
 K - a scroll of enchant weapon
 V - 2 scrolls of fear
 Y - 3 scrolls of silence
 Z - 5 scrolls of remove curse
Potions
 j - 3 potions of brilliance
 p - a potion of degeneration {unknown}
 q - 4 potions of haste
 t - 6 potions of might
 C - a potion of berserk rage {unknown}
 F - 3 potions of curing
 I - 3 potions of lignification
 R - 2 potions of agility {unknown}
 S - 5 potions of flight
Miscellaneous
 b - a phantom mirror
 U - a phial of floods
Comestibles
 c - 3 bread rations
 f - 6 beef jerkies
 g - 21 royal jellies
 n - 47 fruits
 B - 4 slices of pizza
 J - 9 meat rations


   Skills:
 + Level 14.5(14.1) Fighting
 * Level 18.0(17.7) Maces & Flails
 - Level 4.5(12.4) Staves
 + Level 14.6(14.2) Armour
 - Level 2.1(1.8) Dodging
 + Level 13.2(12.8) Shields


You had 13 spell levels left.
You didn't know any spells.

Dungeon Overview and Level Annotations

Branches:
Dungeon (13/15)            Temple (1/1) D:4            Lair (8/8) D:11
 Shoals (0/4) Lair:6        Snake (0/4) Lair:4        Slime (0/6) Lair:6
    Orc (4/4) D:12            Elf (2/3) Orc:3
 Vaults: D:13-14

Altars:
Ashenzari
Cheibriados
Dithmenos
Elyvilon
Fedhas
Gozag
Kikubaaqudgha
Makhleb
Nemelex Xobeh
Okawaru
Qazlal
Ru
Sif Muna
Trog
Vehumet
Xom
Yredelemnul
Zin
The Shining One
Beogh
Jiyva

Shops:
D:12 }   D:13 }   Orc:4 :%[=

Annotations:
D:11 Bee hive


Innate Abilities, Weirdness & Mutations

You reflexively headbutt those who attack you in melee.
You have a pair of horns on your head.


Message History

The dire flail of protection hits you but does no damage.
There are monsters nearby!
You block the dire flail of protection's attack.
The glaive of flaming hits you from afar.
You block the dire flail of protection's attack.
A deep elf priest comes into view. It is wielding a vampiric long sword.
Something hits you but does no damage.
You block the dire flail of protection's attack.
The glaive of flaming hits you from afar!
* * * LOW HITPOINT WARNING * * *
The glaive of flaming burns you.
* * * LOW HITPOINT WARNING * * *
An executioner's axe of flaming comes into view.
A deep elf fighter comes into view.
It is wielding an enchanted short sword.
The deep elf fighter shouts!
The deep elf priest utters a dark prayer and points at you.
Your life force is offered up.
* * * LOW HITPOINT WARNING * * *
The deep elf fighter moves out of view.
The dire flail of protection hits you!!
You die...

#### ## ##
###..##.##..#.
#.............
##....(@e...(..
#...(.##.......
#...(## ##.....
#...## #....
##...## ##.....
##.(.##.......
##............
##.............
#..............


You could see a deep elf priest and 4 dancing weapons.

Vanquished Creatures
  Gastronok (Lair:2)
  An ettin (Orc:4)
  A minotaur (Lab)
  The ghost of gw the Cleaver, a journeyman DDGl of Makhleb (D:11)
  An ice dragon (D:13)
  The ghost of lakren the Basher, a journeyman DrAK of Lugonu (D:12)
  Erica (D:10)
  Urug (Lair:2)
  Sonja (Lair:2)
  Nergalle (D:11)
  2 skeletal warriors (D:13)
  2 deep elf summoners (Elf:1)
  2 hill giants
  An unseen horror (D:10)
  3 ugly things
  An orc sorcerer (Orc:2)
  An orc knight (Orc:1)
  3 cyclopes (D:12)
  11 elephants
  4 black mambas
  7 spiny frogs
  Psyche (D:10)
  A fire drake (Lair:5)
  4 komodo dragons
  A tengu conjurer (D:11)
  A queen bee (D:11)
  5 trolls
  5 polar bears (Lair:8)
  4 slime creatures (D:13)
  Grinder (D:4)
  The ghost of buddha the Changer, an amateur DrTm (D:4)
  6 blink frogs
  2 raiju (Lair:8)
  Sigmund (D:2)
  4 basilisks
  54 yaks
  A hungry ghost (D:7)
  A deep elf mage (Elf:1)
  2 wyverns
  Grum (D:11)
  A wraith (D:11)
  2 humans (D:7)
  A mottled dragon (D:11)
  7 wargs
  5 hippogriffs
  Menkaure (D:6)
  20 wolves
  3 vampire mosquitoes (D:12)
  Duvessa (D:5)
  43 orc warriors
  15 water moccasins
  A hell hound (Lair:8)
  9 porcupines
  4 sky beasts
  13 centaurs
  2 eyes of draining (D:13)
  10 black bears
  15 ogres
  3 ice beasts
  4 phantoms
  13 crocodiles
  17 giant frogs
  4 big kobolds
  Dowan (D:5)
  2 troll zombies (D:12)
  A scorpion (D:7)
  35 killer bees
  11 wights
  2 quasits
  An electric eel (Lair:1)
  3 crimson imps
  24 hounds
  A jelly (D:13)
  3 centaur zombies
  2 centaur skeletons
  Crazy Yiuf (D:3)
  31 orc priests
  2 giant frog skeletons (D:4)
  41 orc wizards
  Natasha (D:3)
  7 iguanas
  13 worker ants
  18 sheep
  4 ogre zombies (D:12)
  10 adders
  A gnoll (D:10)
  60 river rats
  2 adder skeletons
  An adder zombie (D:5)
  9 giant geckos
  172 orcs
  2 ball pythons
  2 bats
  9 goblins
  6 hobgoblins
  13 jackals
  53 kobolds
  5 quokkas
  6 giant cockroaches
  2 giant cockroach zombies (D:5)
  2 giant gecko skeletons
  A giant gecko zombie (D:8)
  6 giant newts
  2 goblin skeletons (D:12)
  2 goblin zombies (D:12)
  A jackal skeleton (D:5)
  13 orc zombies (D:12)
  7 rats
  3 fungi
  9 plants
940 creatures vanquished.

Vanquished Creatures (collateral kills)
  2 skeletal warriors (D:13)
  An orc knight (Orc:2)
  A deep elf conjurer (Elf:1)
  4 polar bears (Lair:8)
  2 wargs
  3 hell hounds (Lair:8)
  A wolf (Lair:8)
  An orc warrior (Orc:2)
  4 black bears (Lair:8)
  3 wights (D:10)
  2 orc wizards
  2 hounds
  8 orcs
34 creatures vanquished.

Vanquished Creatures (others)
  A deep elf conjurer (Elf:1)
  An orc (D:9)
  A goblin zombie (D:12)
  A hobgoblin zombie (D:12)
  12 fungi
  16 plants
32 creatures vanquished.

Grand Total: 1006 creatures vanquished

Notes
Turn   | Place    | Note
--------------------------------------------------------------
     0 | D:1      | kobo the Minotaur Berserker began the quest for the Orb.
     0 | D:1      | Reached XP level 1. HP: 19/19 MP: 0/0
   107 | D:1      | Reached skill level 4 in Maces & Flails
   271 | D:1      | Reached XP level 2. HP: 26/26 MP: 1/1
   676 | D:2      | Noticed Sigmund
   733 | D:2      | Killed Sigmund
   733 | D:2      | Reached skill level 7 in Maces & Flails
   733 | D:2      | Reached XP level 3. HP: 23/31 MP: 2/2
   733 | D:2      | Reached XP level 4. HP: 29/39 MP: 3/3
   733 | D:2      | Reached XP level 5. HP: 33/45 MP: 4/4
   840 | D:2      | Reached ** piety under Trog
  1149 | D:2      | Found an opulent altar of Gozag.
  1150 | D:2      | Found a glowing silver altar of Zin.
  1353 | D:3      | Noticed Crazy Yiuf
  1357 | D:3      | Killed Crazy Yiuf
  1768 | D:3      | Reached skill level 8 in Maces & Flails
  2072 | D:3      | Noticed Natasha
  2077 | D:3      | Killed Natasha
  2077 | D:3      | Reached XP level 6. HP: 41/51 MP: 3/5
  2194 | D:4      | Noticed Grinder
  2229 | D:4      | Killed Grinder
  2229 | D:4      | Reached skill level 9 in Maces & Flails
  2247 | D:4      | Found an ancient bone altar of Kikubaaqudgha.
  2354 | D:4      | Reached XP level 7. HP: 31/57 MP: 2/6
  2357 | D:4      | Noticed buddha's ghost (amateur DrTm)
  2374 | D:4      | Reached skill level 10 in Maces & Flails
  2589 | D:4      | Reached *** piety under Trog
  2655 | D:4      | Reached skill level 1 in Shields
  2785 | D:4      | Killed buddha's ghost
  2785 | D:4      | Reached XP level 8. HP: 67/67 MP: 5/7
  2887 | D:4      | Found a staircase to the Ecumenical Temple.
  2911 | Temple   | Entered the Ecumenical Temple
  3119 | D:4      | Reached skill level 5 in Fighting
  3478 | D:5      | Entered Level 5 of the Dungeon
  3496 | D:5      | Noticed Dowan
  3498 | D:5      | Noticed Duvessa
  3515 | D:5      | Killed Duvessa
  3526 | D:5      | Killed Dowan
  3681 | D:5      | Reached skill level 11 in Maces & Flails
  4037 | D:5      | Reached **** piety under Trog
  4037 | D:5      | Reached skill level 5 in Armour
  4114 | D:6      | Reached XP level 9. HP: 53/78 MP: 5/8
  4138 | D:6      | Reached skill level 5 in Shields
  4483 | D:6      | Noticed Menkaure
  4490 | D:6      | Killed Menkaure
  4879 | D:7      | Found a shattered altar of Ashenzari.
  5046 | D:7      | Found a bloodstained altar of Trog.
  5077 | D:7      | Found an iron altar of Okawaru.
  5268 | D:7      | Reached skill level 12 in Maces & Flails
  5330 | D:7      | Reached ***** piety under Trog
  5339 | D:7      | Got a pair of ancient gloves
  5709 | D:8      | Identified the +2 pair of gloves of Laetrad {rF+ Str+2 Int+3 Stlth+} (You found it on level 7 of the Dungeon)
  5930 | D:8      | Received a gift from Trog
  5989 | D:8      | Reached XP level 10. HP: 88/88 MP: 9/9
  6722 | D:9      | Found a shadowy altar of Dithmenos.
  6738 | D:9      | Found a glowing golden altar of the Shining One.
  6741 | D:9      | Found a burning altar of Makhleb.
  6746 | D:9      | Found a deep blue altar of Sif Muna.
  6747 | D:9      | Found a bloodstained altar of Trog.
  6807 | D:9      | Found a blossoming altar of Fedhas.
  7189 | D:9      | Received a gift from Trog
  7660 | D:9      | Found a roughly hewn altar of Beogh.
  7757 | D:10     | Entered Level 10 of the Dungeon
  7776 | D:10     | Noticed an unseen horror
  7802 | D:10     | Killed an unseen horror
  7802 | D:10     | Reached skill level 13 in Maces & Flails
  8150 | D:10     | Noticed a red ugly thing
  8158 | D:10     | Killed a red ugly thing
  8158 | D:10     | Reached XP level 11. HP: 81/99 MP: 5/10
  8279 | D:10     | Noticed Psyche
  8311 | D:10     | Noticed Erica
  8318 | D:10     | Killed Erica
  8318 | D:10     | Reached skill level 10 in Fighting
  8327 | D:10     | Killed Psyche
  8935 | D:11     | Reached skill level 10 in Armour
  8974 | D:11     | Found a staircase to the Lair.
  8990 | D:11     | Noticed Grum
  9240 | D:11     | Reached skill level 10 in Shields
  9417 | D:11     | Killed Grum
  9423 | D:11     | Noticed Nergalle
  9451 | D:11     | Noticed a spectral orc warlord
  9452 | D:11     | Killed Nergalle
 10093 | D:11     | Noticed gw's ghost (journeyman DDGl)
 10121 | D:11     | Killed gw's ghost
 10121 | D:11     | Reached skill level 14 in Maces & Flails
 10243 | D:11     | Reached XP level 12. HP: 107/110 MP: 11/11
 10724 | Lair:1   | Entered Level 1 of the Lair of Beasts
 11954 | Lair:2   | Noticed Gastronok
 11971 | Lair:2   | Killed Gastronok
 12125 | Lair:2   | Found a labyrinth entrance.
 12137 | Lab      | Entered a labyrinth
 17245 | Lab      | Noticed a minotaur
 17256 | Lab      | Killed a minotaur
 17326 | Lab      | Got a smoking wooden ring
 17326 | Lab      | Got a sparkling copper ring
 17330 | Lab      | Identified the ring "Vipt" {rF+ MR+ Int+4} (You found it in a labyrinth)
 17334 | Lab      | Identified the ring "Doxoch" {rPois Dex+3} (You found it in a labyrinth)
 17339 | Lab      | Got a brightly glowing scale mail
 17350 | Lab      | Identified the +1 scale mail of the Heavens {rC+ Int+2 Dex-2} (You found it in a labyrinth)
 17356 | Lab      | Got a shimmering quarterstaff
 17357 | Lab      | Identified the +7 quarterstaff "Wiwy" {vamp, Str+4 Dex+6} (You found it in a labyrinth)
 17441 | Lair:2   | Noticed Sonja
 17458 | Lair:2   | Killed Sonja
 17555 | Lair:2   | Reached skill level 15 in Maces & Flails
 18075 | Lair:2   | Noticed Urug
 18090 | Lair:2   | Killed Urug
 18400 | Lair:3   | Reached XP level 13. HP: 108/119 MP: 10/12
 18531 | Lair:3   | Reached skill level 1 in Staves
 18534 | Lair:3   | Received a gift from Trog
 19511 | Lair:4   | Found a staircase to the Snake Pit.
 20426 | Lair:5   | Found a frozen archway.
 20960 | Lair:6   | Found a viscous altar of Jiyva.
 20966 | Lair:6   | Found a staircase to the Slime Pits.
 21006 | Lair:6   | Found a staircase to the Shoals.
 21098 | Lair:6   | Reached ****** piety under Trog
 21609 | Lair:7   | Received a gift from Trog
 21615 | Lair:7   | Got a polished mace {god gift}
 21616 | Lair:7   | Identified the +5 mace of the Chain {freeze, Str+3} (Trog gifted it to you on level 7 of the Lair of Beasts)
 22284 | Lair:7   | Reached skill level 16 in Maces & Flails
 22597 | Lair:8   | Entered Level 8 of the Lair of Beasts
 23075 | Lair:8   | Received a gift from Trog
 23487 | Lair:8   | Received a gift from Trog
 24542 | D:12     | Found Ewnidd's Gadget Shoppe.
 24560 | D:12     | Reached XP level 14. HP: 101/130 MP: 4/13
 24635 | D:12     | Noticed lakren's ghost (journeyman DrAK)
 24643 | D:12     | Killed lakren's ghost
 24643 | D:12     | Reached skill level 17 in Maces & Flails
 24750 | D:12     | Found a staircase to the Orcish Mines.
 25803 | D:12     | Received a gift from Trog
 26196 | D:13     | Found Tuegon's Gadget Boutique.
 26448 | D:13     | Identified a scroll of acquirement
 26913 | Orc:1    | Entered Level 1 of the Orcish Mines
 27161 | Orc:1    | You fall through a shaft!
 27281 | Orc:2    | Received a gift from Trog
 28114 | Orc:4    | Entered Level 4 of the Orcish Mines
 28114 | Orc:4    | Found Nagehu's Weapon Emporium.
 28626 | Orc:4    | Received a gift from Trog
 29618 | Orc:4    | Found Zirobb's Antique Armour Emporium.
 29618 | Orc:4    | Found Teil's Food Boutique.
 29620 | Orc:4    | Found Dotyt's Book Shop.
 29622 | Orc:4    | Found Lonwyilu's Jewellery Shoppe.
 29638 | Orc:4    | Bought a +6 ring of protection for 1248 gold pieces
 30197 | Orc:1    | Found a runed door.
 30318 | Orc:1    | Found a roughly hewn altar of Beogh.
 30456 | Orc:1    | Received a gift from Trog
 31145 | Orc:3    | Found a staircase to the Elven Halls.
 31654 | Elf:1    | Entered Level 1 of the Elven Halls
 31746 | Elf:1    | Reached skill level 18 in Maces & Flails
 32110 | Elf:1    | You fall through a shaft!
 32136 | Elf:2    | Slain by a dire flail of protection

Action                   |  1- 3 |  4- 6 |  7- 9 | 10-12 | 13-15 || total
-------------------------+-------+-------+-------+-------+-------++-------
Melee: Mace              |    40 |    81 |   396 |   214 |   696 ||  1427
       Morningstar       |       |       |       |   550 |       ||   550
       Halberd           |       |       |       |    15 |       ||    15
       Quarterstaff      |       |       |       |    11 |   221 ||   232
       Lajatang          |       |       |       |       |   203 ||   203
       Demon whip        |       |       |       |       |     4 ||     4
       Flail             |       |       |       |       |   104 ||   104
Throw: Javelin           |       |       |       |     3 |     1 ||     4
       Tomahawk          |       |       |       |     1 |    15 ||    16
Invok: Berserk           |     1 |     1 |     4 |     3 |     3 ||    12
       Burn Spellbooks   |       |       |       |     5 |     3 ||     8
       Brothers in Arms  |       |       |       |     2 |     4 ||     6
  Use: Potion            |     3 |       |     3 |     1 |    19 ||    26
       Scroll            |     3 |       |    12 |    15 |     9 ||    39
  Eat: Bread ration      |       |     1 |     2 |     7 |     4 ||    14
       Chunk             |       |     1 |    11 |     3 |     6 ||    21
       Royal jelly       |       |       |       |     3 |     3 ||     6
       Fruit             |       |       |       |     2 |     6 ||     8
       Beef jerky        |       |       |       |     1 |     1 ||     2
       Meat ration       |       |       |       |     1 |     2 ||     3
       Pizza             |       |       |       |       |     2 ||     2
